 Dungeon Crawl Stone Soup version 0.29.1-1-gd02db6906a (webtiles) character file.

Game seed: 622341342712156353

253 Kahsius the Chopper (level 6, -10/57 HPs)
             Began as a Hill Orc Monk on Sept 20, 2022.
             Killed by nerve-wracking pain
             ... invoked by an orc priest
              (14 damage)
             ... on level 3 of the Dungeon.
             The game lasted 00:05:12 (2242 turns).

Kahsius the Chopper (Hill Orc Monk)                 Turns: 2242, Time: 00:05:12

Health: -10/57     AC:  8    Str: 22    XL:     6   Next: 14%
Magic:  6/6        EV: 10    Int: 10    God:
Gold:   163        SH:  0    Dex: 13    Spells: 5/5 levels left

rFire   . . .      SeeInvis .   a - +0 hand axe
rCold   . . .      Faith    .   (no shield)
rNeg    . . .      Spirit   .   d - +0 scale mail
rPois   .          Reflect  .   (no helmet)
rElec   .          Harm     .   (no cloak)
rCorr   .          Rampage  .   (no gloves)
Will    .....                   v - +1 pair of boots
Stlth   ..........              (no amulet)
HPRegen 0.19/turn               q - +6 ring of strength
MPRegen 0.10/turn               (no ring)

@: lethally poisoned (-10 -> -19)
A: no striking features
a: Convert to Beogh


You were on level 3 of the Dungeon.
You visited 1 branch of the dungeon, and saw 3 of its levels.

You collected 163 gold pieces.

Inventory:

Hand Weapons
 a - a +0 hand axe (weapon)
Armour
 d - a +0 scale mail (worn)
 v - a +1 pair of boots (worn)
Jewellery
 q - a +6 ring of strength (left hand)
Wands
 u - a wand of roots (8)
Scrolls
 f - a scroll of butterflies {unknown}
 g - 3 scrolls of identify {unknown}
 i - a scroll of fear {unknown}
 j - 2 scrolls of summoning {unknown}
 l - a scroll of amnesia {unknown}
 n - a scroll of enchant weapon {unknown}
 o - 2 scrolls of vulnerability {unknown}
 p - a scroll of blinking {unknown}
 r - a scroll of poison {unknown}
 s - a scroll of torment {unknown}
 w - a scroll of teleportation {unknown}
Potions
 b - a potion of attraction {unknown}
 c - 2 potions of ambrosia
 e - 2 potions of lignification {unknown}
 h - 2 potions of curing {unknown}
 k - a potion of flight {unknown}
 m - 2 potions of degeneration {unknown}
 t - a potion of might {unknown}


   Skills:
 + Level 6.2 Fighting
 + Level 6.8 Axes
 - Level 2.4 Dodging
 - Level 1.5 Stealth


You had 5 spell levels left.
You didn't know any spells.
Your spell library contained the following spells:

 Spells                   Type           Power      Damage    Failure   Level
 Apportation              Tloc           0%         N/A       71%         1
 Beastly Appendage        Tmut           0%         N/A       71%         1
 Necrotise                Necr           0%         1d4       71%         1
 Summon Small Mammal      Summ           0%         N/A       71%         1
 Wereblood                Tmut           0%         N/A       85%         2
 Dazzling Flash           Conj/Hex       0%         N/A       97%         3
 Gell's Gravitas          Tloc           0%         N/A       97%         3
 Spider Form              Tmut/Pois      0%         N/A       97%         3
 Teleport Other           Tloc           0%         N/A       97%         3
 Iskenderun's Mystic Bla  Conj/Tloc      0%         2d3       100%        4
 Dispersal                Tloc           0%         N/A       100%        6
 Starburst                Conj/Fire      0%         6d3       100%        6


Dungeon Overview and Level Annotations

Branches:
Dungeon (3/15)

Altars:

Shops:
D:3 *


Message History

The adder hisses angrily.
Your punch misses the orc priest.
The orc priest is heavily wounded.
The orc wizard gestures at you while chanting.
The magic dart hits you.
The orc priest looks encouraged for a moment.
You hit the orc priest but do no damage.
The orc priest is heavily wounded.
The orc wizard gestures at you while chanting.
The puff of flame hits you.
The orc priest hits you but does no damage.
You hit the orc priest.
The orc priest is heavily wounded.
The orc priest shouts, "Join the one true god or die!"
The orc wizard casts a spell at you.
The magic dart hits you but does no damage.
The orc priest calls down the wrath of Beogh upon you.
Beogh smites you!
* * * LOW HITPOINT WARNING * * *
You hit the orc priest.
The orc priest is severely wounded.
You slash the orc!
You kill the orc!
You barely miss the orc. x2; The orc hits you with a +0 whip.
* * * LOW HITPOINT WARNING * * *
The orc hits you with a +0 whip.
* * * LOW HITPOINT WARNING * * *
The orc wizard hits you but does no damage.
You are lethally poisoned!
The orc barely misses you.
You see here a +0 falchion.
You slash the orc wizard!
The orc wizard is heavily wounded.
You hit the orc. x2
* * * LOW HITPOINT WARNING * * *
You feel very sick. The orc closely misses you.
The orc priest calls down the wrath of Beogh upon you.
Pain shoots through your body!
You die...

....####...##
#......... ###.##
#.........#### #.##
###..(.........# #..#
##..............# ##..
#..#..#..#..#...# #..
#.###o..###.#...# ##.#
#..#o.#..#..#...###...
#...o@oS.............#
#.#...###.#.#...####..
#...........#...# ###
#..#..#..#..##### #
#.###...###.########
#..#.....#..........
#....###...###########
#.#.........).........
#.####################


You could see an orc priest, an orc wizard, an adder and 2 orcs.

Vanquished Creatures
  A necrophage (D:3)
  Jessica (D:3)
  Natasha (thrice) (D:2)
  3 adders
  2 worms (D:3)
  2 orcs (D:3)
  4 ball pythons
  4 bats
  4 endoplasms
  6 giant cockroaches
  4 hobgoblins
  3 quokkas
  8 frilled lizards
  6 goblins
  6 kobolds
  3 rats
60 creatures vanquished.

Notes
Turn   | Place    | Note
-------+----------+-------------------------------------------
     0 | D:1      | Kahsius the Hill Orc Monk began the quest for the Orb.
     0 | D:1      | Reached XP level 1. HP: 19/19 MP: 1/1
    69 | D:1      | Reached XP level 2. HP: 9/27 MP: 2/2
   729 | D:1      | Reached XP level 3. HP: 29/34 MP: 3/3
   900 | D:2      | Noticed Natasha
   911 | D:2      | Killed Natasha
   912 | D:2      | Reached skill level 5 in Axes
   986 | D:2      | Reached XP level 4. HP: 41/41 MP: 4/4
  1005 | D:2      | Found a faded altar of an unknown god.
  1122 | D:2      | Noticed Natasha
  1135 | D:2      | Killed Natasha
  1136 | D:2      | Reached skill level 5 in Fighting
  1196 | D:2      | Noticed Natasha
  1209 | D:2      | Killed Natasha
  1210 | D:2      | Reached XP level 5. HP: 17/48 MP: 5/5
  1922 | D:3      | Noticed Jessica
  1927 | D:3      | Killed Jessica
  1928 | D:3      | Reached XP level 6. HP: 54/57 MP: 6/6
  2182 | D:3      | Found Ganawoyz's General Store.
  2242 | D:3      | Killed from afar by an orc priest

Illustrated notes

Levels and vault maps discovered:
D:1:      scummos_arrival_simple_crosswalls, layout_rooms
D:2:      layout_rooms, ebering_ecumenical_altar_mist, uniq_natasha
D:3:      layout_basic, serial_glass, glass_columns_a, glass_columns_a,
          feat_on_display, item_on_display_a, due_unseen_surprise,
          minmay_strange_pillars, serial_shops, shop, uniq_jessica

Skill      XL: |  1  2  3  4  5 |
---------------+----------------+-----
Fighting       | 4 5 6 |  6.2
Axes           | 5 6 |  6.8
Dodging        | |  2.4
Stealth        | |  1.5

Action                   |  1- 3 |  4- 6 || total
-------------------------+-------+-------++-------
Melee: Hand axe          |   100 |   109 ||   209
Armor: Scale mail        |    71 |    37 ||   108
Dodge: Dodged            |    69 |    39 ||   108
